 Dungeon Crawl Stone Soup version 0.28-a0-1524-ge72afd5fc6 (webtiles) character file.

Game seed: 17475674676639921072

235 knot the Chopper (level 5, -3/41 HPs)
             Began as a Demonspawn Berserker on Jan 18, 2022.
             Was a Believer of Trog.
             Slain by Eustachio (6 damage)
             ... on level 4 of the Dungeon.
             The game lasted 00:03:33 (4534 turns).

knot the Chopper (Demonspawn Berserker)             Turns: 4534, Time: 00:03:34

Health: -3/41      AC:  7    Str: 18    XL:     5   Next: 76%
Magic:  5/5        EV: 11    Int: 10    God:    Trog [**....]
Gold:   125        SH:  0    Dex: 12    Spells: 4/4 levels left

rFire   . . .      SeeInvis .   d - +0 war axe
rCold   . . .      Faith    .   (no shield)
rNeg    . . .      Spirit   .   h - +0 ring mail
rPois   .          Reflect  .   (no helmet)
rElec   .          Harm     .   (no cloak)
rCorr   .          Rampage  .   j - +0 pair of gloves
Will    .....                   p - +0 pair of boots
Stlth   +.........              (no amulet)
HPRegen 0.13/turn               (no ring)
MPRegen 0.18/turn               (no ring)

@: on berserk cooldown, slowed, very slow
A: magic regeneration
a: Renounce Religion, Berserk, Trog's Hand


You were on level 4 of the Dungeon.
You worshipped Trog.
Trog was pleased with you.
You visited 1 branch of the dungeon, and saw 4 of its levels.

You collected 125 gold pieces.

Inventory:

Hand Weapons
 a - a +0 hand axe
 d - a +0 war axe (weapon)
Missiles
 c - 173 stones (quivered)
 g - 30 sling bullets
Armour
 h - a +0 ring mail (worn)
 j - a +0 pair of gloves (worn)
 p - a +0 pair of boots (worn)
Scrolls
 b - a scroll of summoning {unknown}
 e - 2 scrolls of identify {unknown}
 f - a scroll of fog {unknown}
 i - a scroll of blinking {unknown}
 k - a scroll of fear {unknown}
 o - a scroll of magic mapping {unknown}
Potions
 l - a potion of degeneration {unknown}
 m - a potion of ambrosia {unknown}
 n - a potion of heal wounds
 q - a potion of haste {unknown}
 r - a potion of flight {unknown}


   Skills:
 - Level 3.0 Fighting
 * Level 5.4 Axes
 * Level 2.0 Throwing
 - Level 1.7 Armour
 - Level 1.7 Dodging


You had 4 spell levels left.
You didn't know any spells.
Your spell library contained the following spells:

 Spells                   Type           Power      Damage    Failure   Level
 Freeze                   Ice            0%         1d3       54%         1
 Frozen Ramparts          Ice            0%         1d2       89%         3
 Hailstorm                Conj/Ice       0%         3d3       100%        4


Dungeon Overview and Level Annotations

Branches:
Dungeon (4/15)
 Temple: D:4-7

Altars:
Ru

Shops:
D:1 :   D:3 ?

Annotations:
D:4 Eustachio


Innate Abilities, Weirdness & Mutations

You regenerate magic rapidly.


Message History

The ufetubus closely misses you.
The hobgoblin hits you but does no damage.
You slash Eustachio!
Eustachio is heavily wounded.
You hit the hobgoblin.
You kill the hobgoblin!
Trog accepts your kill.
You closely miss the shadow imp. You hit the ufetubus.
Eustachio hits you with a +1 rapier of speed!
* * * LOW HITPOINT WARNING * * *
The ufetubus closely misses you. The ufetubus barely misses you.
The shadow imp hits you but does no damage.
You miss Eustachio.
Eustachio is heavily wounded.
You slash the ufetubus!
You kill the ufetubus!
The ufetubus disappears in a puff of smoke!
You closely miss the shadow imp.
Eustachio mumbles some strange words.
You barely miss Eustachio.
Eustachio is heavily wounded.
You hit the shadow imp but do no damage.
You barely miss the shadow imp.
The shadow imp hits you but does no damage.
Eustachio yells, "Perjured traitor, DIE!"
Eustachio hits you with a +1 rapier of speed.
* * * LOW HITPOINT WARNING * * *
The shadow imp hits you.
* * * LOW HITPOINT WARNING * * *
You slash Eustachio!
Eustachio is severely wounded.
You slash the shadow imp!
You kill the shadow imp!
The shadow imp disappears in a puff of smoke!
You closely miss the shadow imp.
You are no longer berserk.
You are exhausted.
You feel yourself slow down.
Eustachio hits you with a +1 rapier of speed.
You die...

## ### .g ...
##5####.#
#.......#
##.##!#.#
##.##.#.####
#...5ยง.....#
##...@.....#
###
#.##@##.#.#
..... #.
#r##.#.# ....
# #....#.#
...
#.##.##.#.#
###.##
..........##
.....#
#..........#
...# #.#
#########..#
...#.. #.#
#..#


You could see Eustachio, a shadow imp (summoned) and a rat (summoned).

Vanquished Creatures
  A hound (D:4)
  An iguana (D:4)
  An orc wizard (D:3)
  Natasha (twice) (D:2)
  2 adders (D:3)
  2 dart slugs
  4 orcs (D:3)
  8 ball pythons
  12 bats
  5 endoplasms
  5 giant cockroaches
  8 goblins
  8 hobgoblins
  4 jackals (D:1)
  3 kobolds
  2 quokkas
  5 frilled lizards
  5 rats
78 creatures vanquished.

Vanquished Creatures (others)
  19 plants
19 creatures vanquished.

Grand Total: 97 creatures vanquished

Notes
Turn   | Place    | Note
-------+----------+-------------------------------------------
     0 | D:1      | knot the Demonspawn Berserker began the quest for the Orb.
     0 | D:1      | Reached XP level 1. HP: 18/18 MP: 1/1
    87 | D:1      | Reached skill level 3 in Axes
   231 | D:1      | Gained mutation: You regenerate magic rapidly. [demonic
                  | ancestry]
   231 | D:1      | Reached XP level 2. HP: 13/24 MP: 2/2
   935 | D:1      | Found Lutow's Book Emporium.
  1180 | D:1      | Reached XP level 3. HP: 24/29 MP: 3/3
  1187 | D:1      | Reached skill level 4 in Axes
  1315 | D:1      | Reached ** piety under Trog
  2307 | D:2      | Noticed Natasha
  2324 | D:2      | Killed Natasha
  2325 | D:2      | Reached XP level 4. HP: 13/35 MP: 4/4
  2907 | D:2      | Noticed Natasha
  2916 | D:2      | Killed Natasha
  3070 | D:3      | Found Hiuwkusi's Magic Scroll Emporium.
  3075 | D:3      | Reached skill level 5 in Axes
  3267 | D:3      | Reached skill level 1 in Throwing
  3267 | D:3      | Reached XP level 5. HP: 41/41 MP: 5/5
  3431 | D:3      | Found a faded altar of an unknown god.
  4182 | D:4      | Found a sacrificial altar of Ru.
  4512 | D:4      | Noticed Eustachio
  4534 | D:4      | Slain by Eustachio

Illustrated notes

Levels and vault maps discovered:
D:1:      kennysheep_arrival_seaside, layout_basic, serial_shops, shop,
          moated_statue, kennysheep_nondescript, minmay_tromino_i4
D:2:      layout_loops_cross, serial_bayou_pond_e, serial_bayou_lagoon_b,
          uniq_natasha
D:3:      layout_loops_cross, nicolae_ecumenical_oubliette, serial_shops,
          nicolae_shop_waterfront
D:4:      layout_basic, nicolae_ru_awakened_eye, fedhas_altar_decomposition,
          uniq_eustachio

Skill      XL: |  1  2  3  4  5 |
---------------+----------------+-----
Axes           | 3 4 5 |  5.4
Throwing       | 1 2 |  2.0
Fighting       | |  3.0
Armour         | |  1.7
Dodging        | |  1.7

Action                   |  1- 3 |  4- 6 || total
-------------------------+-------+-------++-------
Melee: Hand axe          |   135 |    38 ||   173
       Punch             |     1 |       ||     1
       War axe           |       |    52 ||    52
Invok: Berserk           |     2 |     5 ||     7
       Trog's Hand       |       |     1 ||     1
  Use: Potion            |       |     1 ||     1
Armor: Animal skin       |    20 |       ||    20
       Ring mail         |    29 |    44 ||    73
Dodge: Dodged            |    89 |    56 ||   145

Table legend: (Time is in decaauts)
 A = Elapsed time spent in this place.
 B = Non-inter-level travel time spent in this place.
 C = Inter-level travel time spent in this place.
 D = Time resting spent in this place.
 E = Time spent auto-exploring this place.
 F = Levels seen in this place.
 G = Mean time per level.
                   A        B        C        D        E       F      G
               +--------+--------+--------+--------+--------+-----+--------+
         Total |   4644 |   4520 |    124 |   1182 |   2808 |   4 | 1161.0 |
       Dungeon |   4644 |   4520 |    124 |   1182 |   2808 |   4 | 1161.0 |
               +--------+--------+--------+--------+--------+-----+--------+

Top non-repeatable levels by time:
     D:1: 1733 daAuts
     D:2: 1579 daAuts
     D:3: 977 daAuts
     D:4: 354 daAuts
